 Dungeon Sprint DCSS version 0.30-a0-373-gd37427bb62 (webtiles) character file.

Game seed: 18015913715892986013

289 rocky1 the Magician (level 6, -16/79 HPs)
             Began as a Gnoll Warper on Nov 23, 2022.
             Was a Follower of Okawaru.
             Killed from afar by a molten gargoyle (34 damage)
             ... with a bolt of magma
             ... in the Dungeon (Sprint VII: "The Pits").
             The game lasted 00:02:17 (534 turns).

rocky1 the Magician (Gnoll Warper)                   Turns: 534, Time: 00:02:17

Health: -16/79     AC:  3    Str: 12    XL:     6   Next: 31%
Magic:  13/15      EV: 14    Int: 12    God:    Okawaru [*.....]
Gold:   0          SH:  0    Dex: 12    Spells: 3/18 levels left

rFire   . . .      SeeInvis .    n - +3 trident (vorpal)
rCold   . . .      Faith    .    (no shield)
rNeg    . . .      Spirit   .    b - +0 leather armour
rPois   .          Reflect  .    (no helmet)
rElec   .          Harm     .    (no cloak)
rCorr   .          Rampage  .    (no gloves)
Will    .....      NoTele   +    (no boots)
Stlth   ..........               (no amulet)
HPRegen 0.33/turn                (no ring)
MPRegen 0.14/turn                (no ring)

@: berserking (expiring), very quick
A: fangs 1, strong nose, distributed training
a: Renounce Religion, Heroism


You were in the Dungeon.
You worshipped Okawaru.
Okawaru was aware of your devotion.
You visited 1 branch

Inventory:

Hand Weapons
 a - a +0 spear
 m - a +2 trident
 n - a +3 vorpal trident (weapon)
Missiles
 d - 7 boomerangs of dispersal (quivered)
Armour
 b - a +0 leather armour (worn)
Scrolls
 c - 2 scrolls of blinking
 k - 5 scrolls of amnesia
 l - a scroll of summoning
Potions
 e - 6 potions of curing
 f - 5 potions of heal wounds
 g - a potion of haste
 h - 4 potions of magic
 i - 2 potions of berserk rage
 j - 2 potions of invisibility


   Skills:
 + Level 6.5 Fighting
 + Level 4.5 Short Blades
 + Level 4.5 Long Blades
 + Level 4.5 Axes
 + Level 4.5 Maces & Flails
 + Level 6.5 Polearms
 + Level 4.5 Staves
 + Level 4.5 Ranged Weapons
 + Level 5.3 Throwing
 + Level 5.3 Armour
 + Level 6.5 Dodging
 + Level 4.5 Stealth
 + Level 4.5 Shields
 + Level 4.5 Unarmed Combat
 + Level 6.8 Spellcasting
 + Level 3.7 Conjurations
 + Level 3.7 Hexes
 + Level 3.7 Summonings
 + Level 3.7 Necromancy
 + Level 6.7 Translocations
 + Level 3.7 Transmutations
 + Level 3.7 Fire Magic
 + Level 3.7 Ice Magic
 + Level 3.7 Air Magic
 + Level 3.7 Earth Magic
 + Level 3.7 Poison Magic
 + Level 5.0 Invocations
 + Level 4.5 Evocations


You had 3 spell levels left.
You knew the following spells:

 Your Spells              Type           Power      Damage    Failure   Level
a - Blink                 Tloc           40%        N/A       1%          2
b - Vhi's Electric Charg  Tloc/Air       32%        N/A       8%          3
c - Manifold Assault      Tloc           20%        N/A       13%         4
d - Teleport Other        Tloc           20%        N/A       4%          3
e - Lesser Beckoning      Tloc           40%        N/A       4%          3

Your spell library contained the following spells:

 Spells                   Type           Power      Damage    Failure   Level


Dungeon Overview and Level Annotations

Branches:
Dungeon (1/1)

Altars:
Ashenzari
Cheibriados
Dithmenos
Elyvilon
Fedhas
Gozag
Hepliaklqana
Kikubaaqudgha
Makhleb
Nemelex Xobeh
Okawaru
Qazlal
Ru
Sif Muna
Trog
Uskayaw
Vehumet
Wu Jian
Xom
Yredelemnul
Zin
The Shining One
Jiyva
Lugonu


Innate Abilities, Weirdness & Mutations

You have very sharp teeth.
Your uncanny sense of smell can sniff out nearby items.
Your experience applies equally to all skills.


Message History

Your Shields skill increases to level 4!
Your Unarmed Combat skill increases to level 4!
Your Invocations skill increases to level 5!
Your Evocations skill increases to level 4!
You have reached level 6!
There is an open door, spattered with blood here.
You see here a warg corpse.
The door flies open with a bang!
You feel a strong urge to attack something.
A molten gargoyle comes into view.
It is wielding a +2 flail of holy wrath.
The molten gargoyle blasts magma at you!
The bolt of magma hits you!
You are too injured to fight recklessly!
Reach: n) +3 trident (vorpal)
Press: ? - help, Dir - move target, f - molten gargoyle
Aim: a molten gargoyle, wielding a +2 flail of holy wrath (about 24% to evade your +3 vorpal trident)
You reach to attack!
You hit the molten gargoyle.
The molten gargoyle is lightly damaged.
Reach: n) +3 trident (vorpal)
Press: ? - help, Dir - move target, f/p - molten gargoyle
Aim: a molten gargoyle, wielding a +2 flail of holy wrath (lightly damaged, about 24% to evade your +3 vorpal trident)
You barely miss the molten gargoyle.
The molten gargoyle is lightly damaged.
Unknown command.
Reach: n) +3 trident (vorpal)
Press: ? - help, Dir - move target, f/p - molten gargoyle
Aim: a molten gargoyle, wielding a +2 flail of holy wrath (lightly damaged, about 24% to evade your +3 vorpal trident)
You hit the molten gargoyle but do no damage.
The molten gargoyle is lightly damaged.
The molten gargoyle blasts magma at you!
The bolt of magma hits you!!
* * * LOW HITPOINT WARNING * * *
Reach: n) +3 trident (vorpal)
Press: ? - help, Dir - move target, f/p - molten gargoyle
Aim: a molten gargoyle, wielding a +2 flail of holy wrath (lightly damaged, about 24% to evade your +3 vorpal trident)
You puncture the molten gargoyle!
The molten gargoyle is heavily damaged.
The molten gargoyle blasts magma at you!
The bolt of magma hits you!!
You die...

#†#..#[).).##.......#
#'###########.......#
#..#.#.## #########
#.......# ##.#.#.##
∆∆∆∆ #.......#+# ∆∆
##.#.#.##.+ ∆∆
#.......#9# ∆∆
##.#.#..@.#
##########


You could see a molten gargoyle.

Vanquished Creatures
  A warg (D)
  A phantom (D)
  A jelly (D)
  A gnoll (D)
  2 river rats (D)
  2 adders (D)
  A white imp (D)
  An orc (D)
  A hobgoblin (D)
  5 jackals (D)
  A quokka (D)
  A bat (D)
  A frilled lizard (D)
19 creatures vanquished.

Notes
Turn   | Place    | Note
-------+----------+-------------------------------------------
     0 | D        | rocky1 the Gnoll Warper began the quest for the Orb.
     0 | D        | Reached XP level 1. HP: 20/20 MP: 6/6
    19 | D        | Reached skill level 1 in Short Blades
    19 | D        | Reached skill level 1 in Long Blades
    19 | D        | Reached skill level 1 in Axes
    19 | D        | Reached skill level 1 in Maces & Flails
    19 | D        | Reached skill level 1 in Staves
    19 | D        | Reached skill level 1 in Ranged Weapons
    19 | D        | Reached skill level 1 in Stealth
    19 | D        | Reached skill level 1 in Shields
    19 | D        | Reached skill level 1 in Unarmed Combat
    19 | D        | Reached skill level 5 in Spellcasting
    19 | D        | Reached skill level 1 in Conjurations
    19 | D        | Reached skill level 1 in Hexes
    19 | D        | Reached skill level 1 in Summonings
    19 | D        | Reached skill level 1 in Necromancy
    19 | D        | Reached skill level 1 in Transmutations
    19 | D        | Reached skill level 1 in Fire Magic
    19 | D        | Reached skill level 1 in Ice Magic
    19 | D        | Reached skill level 1 in Air Magic
    19 | D        | Reached skill level 1 in Earth Magic
    19 | D        | Reached skill level 1 in Poison Magic
    19 | D        | Reached skill level 1 in Invocations
    19 | D        | Reached skill level 1 in Evocations
    19 | D        | Reached XP level 2. HP: 10/26 MP: 8/8
    24 | D        | Found a bloodstained altar of Trog.
    24 | D        | Found a shimmering blue altar of Sif Muna.
    24 | D        | Found a viscous altar of Jiyva.
    24 | D        | Found a hazy altar of Hepliaklqana.
    24 | D        | Found an opulent altar of Gozag.
    55 | D        | Found a glowing golden altar of the Shining One.
    55 | D        | Found a glowing silver altar of Zin.
    55 | D        | Found a basalt altar of Yredelemnul.
    55 | D        | Found a shimmering altar of Xom.
    55 | D        | Found an ornate altar of the Wu Jian Council.
    55 | D        | Found a sacrificial altar of Ru.
    55 | D        | Found a stormy altar of Qazlal.
    55 | D        | Found an iron altar of Okawaru.
    55 | D        | Found a sparkling altar of Nemelex Xobeh.
    55 | D        | Found a burning altar of Makhleb.
    55 | D        | Found a blossoming altar of Fedhas.
    55 | D        | Found a white marble altar of Elyvilon.
    55 | D        | Found a shadowy altar of Dithmenos.
    55 | D        | Found a snail-covered altar of Cheibriados.
    57 | D        | Found a radiant altar of Vehumet.
    57 | D        | Found a corrupted altar of Lugonu.
   109 | D        | Found a hide-covered altar of Uskayaw.
   109 | D        | Found an ancient bone altar of Kikubaaqudgha.
   109 | D        | Found a broken altar of Ashenzari.
   114 | D        | Became a worshipper of Warmaster Okawaru
   206 | D        | Reached skill level 5 in Fighting
   206 | D        | Reached skill level 5 in Polearms
   206 | D        | Reached skill level 5 in Dodging
   206 | D        | Reached XP level 3. HP: 32/33 MP: 9/9
   333 | D        | Reached XP level 4. HP: 36/39 MP: 11/11
   346 | D        | Noticed a phantom
   356 | D        | Killed a phantom
   356 | D        | Reached * piety under Okawaru
   357 | D        | Reached XP level 5. HP: 28/46 MP: 11/13
   498 | D        | Learned a level 2 spell: Blink
   502 | D        | Learned a level 3 spell: Vhi's Electric Charge
   507 | D        | Learned a level 4 spell: Manifold Assault
   511 | D        | Learned a level 3 spell: Teleport Other
   515 | D        | Learned a level 3 spell: Lesser Beckoning
   522 | D        | Noticed a warg
   528 | D        | Killed a warg
   529 | D        | Reached skill level 5 in Throwing
   529 | D        | Reached skill level 5 in Armour
   529 | D        | Reached skill level 5 in Invocations
   529 | D        | Reached XP level 6. HP: 51/53 MP: 13/15
   530 | D        | Noticed a molten gargoyle
   534 | D        | Killed from afar by a molten gargoyle

Illustrated notes

Levels and vault maps discovered:
D:        pitsprint [storerooms_1, entrance_room_1, metal_vault_4, armoury_2,
          mini_pit_1, grid_room_1, main_hall_1, silver_pit, the_coven_3,
          the_vestibule_1, steel_vault_2, golden_pit, hallway_of_sentries,
          crystal_vault_6, iron_vault_2, final_vault]

Skill      XL: |  1  2  3  4  5 |
---------------+----------------+-----
Short Blades   | 1 2 3 4 |  4.5
Long Blades    | 1 2 3 4 |  4.5
Axes           | 1 2 3 4 |  4.5
Maces & Flails | 1 2 3 4 |  4.5
Staves         | 1 2 3 4 |  4.5
Ranged Weapons | 1 2 3 4 |  4.5
Stealth        | 1 2 3 4 |  4.5
Shields        | 1 2 3 4 |  4.5
Unarmed Combat | 1 2 3 4 |  4.5
Spellcasting   | 5 6 |  6.8
Conjurations   | 1 2 3 |  3.7
Hexes          | 1 2 3 |  3.7
Summonings     | 1 2 3 |  3.7
Necromancy     | 1 2 3 |  3.7
Transmutations | 1 2 3 |  3.7
Fire Magic     | 1 2 3 |  3.7
Ice Magic      | 1 2 3 |  3.7
Air Magic      | 1 2 3 |  3.7
Earth Magic    | 1 2 3 |  3.7
Poison Magic   | 1 2 3 |  3.7
Invocations    | 1 2 3 4 5 |  5.0
Evocations     | 1 2 3 4 |  4.5
Throwing       | 3 4 5 |  5.3
Armour         | 3 4 5 |  5.3
Fighting       | 5 6 |  6.5
Polearms       | 5 6 |  6.5
Dodging        | 5 6 |  6.5
Translocations | 6 |  6.7

Action                   |  1- 3 |  4- 6 || total
-------------------------+-------+-------++-------
Melee: Spear             |     7 |       ||     7
       Trident           |    48 |    22 ||    70
       Bite              |     2 |     1 ||     3
       Punch             |     1 |       ||     1
  Use: Potion            |     1 |     1 ||     2
 Stab: Sleeping          |     1 |       ||     1
Armor: Leather armour    |    12 |     2 ||    14
Dodge: Dodged            |    35 |     7 ||    42

Table legend: (Time is in decaauts)
 A = Elapsed time spent in this place.
 B = Non-inter-level travel time spent in this place.
 C = Inter-level travel time spent in this place.
 D = Time resting spent in this place.
 E = Time spent auto-exploring this place.
 F = Levels seen in this place.
 G = Mean time per level.
                   A        B        C        D        E       F      G
               +--------+--------+--------+--------+--------+-----+--------+
         Total |    532 |    506 |     26 |    241 |      0 |   1 |  532.0 |
       Dungeon |    532 |    506 |     26 |    241 |      0 |   1 |  532.0 |
               +--------+--------+--------+--------+--------+-----+--------+

Top non-repeatable levels by time:
       D: 532 daAuts
